 Dungeon Sprint DCSS version 0.27-a0-103-g6cd7b45605 (webtiles) character file.

Game seed: 11703606282751394449

279625 mhtbhm the Skullcrusher (level 18, -13/200 HPs)
             Began as a Minotaur Fighter on Jan 23, 2021.
             Was an Initiate of Gozag.
             Mangled by a red draconian monk (25 damage)
             ... in the Dungeon (Sprint IX: "|||||||||||||||||||||||||||||").
             The game lasted 00:17:58 (9922 turns).

mhtbhm the Skullcrusher (Minotaur Fighter)          Turns: 9922, Time: 00:17:59

Health: -13/200    AC: 45    Str: 29    XL:     18   Next: 10%
Magic:  17/17      EV: 25    Int:  2    God:    Gozag
Gold:   25195      SH:  0    Dex: 19    Spells: 17/17 levels left

rFire    + + .     SeeInvis .   a - +2 dire flail "Maechap" {drain, *Rage rElec rPois rN+}
rCold    + + .     Faith    .   (shield currently unavailable)
rNeg     + . .     Spirit   .   b - +10 gold dragon scales
rPois    +         Reflect  .   L - +1 hat
rElec    +         Harm     .   z - +0 cloak of the Dolphin {rC+ Slay+4}
rCorr    +         Rampage  .   M - +1 pair of gloves
Will     +....     Rnd*Rage +   o - +0 pair of boots Stlth ..........NoTele +
                                p - amulet "Ilus" {Acrobat Dex+2}
HPRegen  0.43/turn              R - ring "Erutuzxir" {Int-3 Dex+5 Slay+3}
MPRegen  0.15/turn              H - ring "Kias" {rF+ rCorr Dex+2}

@: gold aura, berserk cooldown, slowed, very slow
A: retaliatory headbutt, horns 2
}: 5/17 runes: decaying, serpentine, barnacled, silver, gossamer
a: Renounce Religion, Potion Petition, Call Merchant, Bribe Branch


You were in the Dungeon.
You worshipped Gozag.
Gozag was extremely pleased with you.
You visited 1 branch You collected 34043 gold pieces.
You spent 5011 gold pieces at shops.
You paid 3837 gold pieces to Gozag.

Inventory:

Hand Weapons
 a - the +2 dire flail "Maechap" (weapon) {drain, *Rage rElec rPois rN+}
   (You found it in the Dungeon)

   A truly terrible weapon, it drains the life of those it strikes.
   It insulates you from electricity.
   It protects you from poison.
   It protects you from negative energy.
   It may make you go berserk in combat.
 v - a +3 eudemon blade of holy wrath
 y - a +9 dire flail of holy wrath
 K - a +4 demon whip
Missiles
 c - 36 javelins (quivered)
Armour
 b - +10 gold dragon scales (worn)
 o - a +0 pair of boots (worn)
 w - a +1 plate armour of positive energy
 z - the +0 cloak of the Dolphin (worn) {rC+ Slay+4}
   (You bought it in a shop in the Dungeon)

   It affects your accuracy and damage with ranged weapons and melee attacks
   (+4).
   It protects you from cold.
 B - a +0 tower shield
 L - a +1 hat (worn)
 M - a +1 pair of gloves (worn)
Jewellery
 p - the amulet "Ilus" (around neck) {Acrobat Dex+2}
   (You bought it in a shop in the Dungeon)

   [amulet of the acrobat]

   It helps you evade while moving and waiting.
   It affects your dexterity (+2).
 H - the ring "Kias" (right hand) {rF+ rCorr Dex+2}
   (You bought it in a shop in the Dungeon)

   [ring of resist corrosion]

   It affects your dexterity (+2).
   It protects you from fire.
   It provides partial protection from all sources of acid and corrosion.
 Q - the ring "Pafus" {rPois Int+5}
   (You found it in the Dungeon)

   [ring of poison resistance]

   It affects your intelligence (+5).
   It protects you from poison.
 R - the ring "Erutuzxir" (left hand) {Int-3 Dex+5 Slay+3}
   (You found it in the Dungeon)

   [ring of slaying]

   It affects your intelligence (-3).
   It affects your dexterity (+5).
   It affects your accuracy and damage with ranged weapons and melee attacks
   (+3).
 S - the ring of Gexkudic {Ice rN+ Stlth+}
   (You found it in the Dungeon)

   [ring of ice]

   It enhances your ice magic.
   It makes you vulnerable to fire.
   It protects you from cold.
   It protects you from negative energy.
   It makes you more stealthy.
 T - the ring "Wuhotros" {Will+ Str+3 Dex+3}
   (You found it in the Dungeon)

   [ring of dexterity]

   It affects your strength (+3).
   It affects your dexterity (+3).
   It affects your willpower, your defense against some magical effects.
Wands
 m - a wand of iceblast (9)
 x - a wand of flame (23)
Scrolls
 j - 6 scrolls of blinking
 k - 5 scrolls of remove curse
 l - 3 scrolls of amnesia
 t - 4 scrolls of fear
 u - 3 scrolls of identify
 A - 5 scrolls of enchant weapon
 F - 2 scrolls of fog
Potions
 d - 2 potions of might
 e - 9 potions of curing
 f - 17 potions of heal wounds
 g - 9 potions of haste
 h - 10 potions of magic
 i - a potion of invisibility
 n - a potion of berserk rage
 q - 7 potions of brilliance
 r - a potion of mutation
 s - a potion of flight
 E - a potion of resistance
 J - 2 potions of cancellation
Miscellaneous
 N - a phantom mirror


   Skills:
 O Level 27 Fighting
 O Level 27 Maces & Flails
 O Level 27 Throwing
 O Level 27 Armour
 O Level 27 Dodging
 - Level 8.1 Stealth
 + Level 11.3 Shields
 + Level 12.5 Evocations


You had 17 spell levels left.
You didn't know any spells.
Your spell library contained the following spells:

 Spells                   Type           Power        Failure   Level
 Apportation              Tloc           0%           98%         1
 Lesser Beckoning         Tloc           0%           100%        3
 Tukima's Dance           Hex            0%           100%        3
 Alistair's Intoxication  Tmut/Pois      0%           100%        5
 Invisibility             Hex            0%           100%        6


Dungeon Overview and Level Annotations

Branches:
Dungeon (1/1)

Altars:
Cheibriados
Dithmenos
Elyvilon
Fedhas
Gozag
Hepliaklqana
Kikubaaqudgha
Makhleb
Nemelex Xobeh
Okawaru
Qazlal
Ru
Sif Muna
Trog
Uskayaw
Vehumet
Wu Jian
Xom
Yredelemnul
Zin
The Shining One
Beogh
Jiyva
Lugonu

Shops:
D :![?[=((


Innate Abilities, Weirdness & Mutations

You reflexively headbutt those who attack you in melee.
You have a pair of horns on your head.


Message History

The red draconian monk completely misses you.
The red draconian monk tail-slaps you but does no damage.
The red draconian monk hits you!!
* * * LOW HITPOINT WARNING * * *
The red draconian monk completely misses you.
The red draconian monk misses you.
You completely miss the red draconian monk.
You headbutt the red draconian monk.
The red draconian monk is lightly wounded.
The red draconian monk hits you!
* * * LOW HITPOINT WARNING * * *
The red draconian monk kicks you but does no damage.
The red draconian monk tail-slaps you.
* * * LOW HITPOINT WARNING * * *
You spit the red draconian monk like a pig!!!
You headbutt the red draconian monk!
The red draconian monk is moderately wounded.
The red draconian monk hits you!!
You die...
Your body crumbles into a pile of gold.

.▓)♣.♣.▓)▓.▓)▓.▓)▓
.▓.▓'▓.▓)▓.▓)▓.▓)▓
)▓.▓[▓.▓)▓.▓)▓.▓)▓
)▓.▓[▓.▓)▓.▓)▓.▓.▓
.▓.▓[▓.▓)▓.▓)▓.▓.▓
)▓.▓[▓.▓)▓.▓)▓.▓.▓
)▓.▓[▓.▓)▓.▓)▓.▓$▓
)▓.▓[▓.▓)▓.▓.▓.▓$▓
.▓.▓.▓.▓)▓.▓.▓.▓@▓
.▓.▓.▓.▓)▓.▓.▓.▓q▓
.▓.▓)▓.▓.▓.▓[▓.▓y▓
[▓.▓)▓.▓.▓.▓[▓.▓.▓
[▓.▓)▓.▓.▓.▓[▓.▓.▓
.▓.▓∩▓.▓(▓.▓[▓.▓.▓
[▓.▓.▓.▓.▓.▓[▓.▓+▓
[▓.▓'▓.▓.▓.▓[▓.▓
!▓.▓)▓.▓'▓.▓[▓.▓


You could see a red draconian monk (berserk) and a moth of wrath.

Vanquished Creatures
  Mara (D)
  Mennas (D)
  Boris (D)
  Frederick (D)
  Margery (D)
  Xtahua (D)
  Jory (D)
  A golden dragon (D)
  3 tentacled monstrosities (D)
  Rupert (D)
  A quicksilver dragon (D)
  A titan (D)
  Agnes (D)
  A death cob (D)
  3 tengu reavers (D)
  7 shadow dragons (D)
  A storm dragon (D)
  Donald (D)
  A draconian monk (D)
  8 nagarajas (D)
  2 fire giants (D)
  5 frost giants (D)
  4 emperor scorpions (D)
  A vault warden (D)
  3 ghost moths (D)
  2 ironheart preservers (D)
  2 green draconians (D)
  Nessos (D)
  A stone giant (D)
  A black draconian (D)
  A dire elephant (D)
  2 red draconians (D)
  3 ettins (D)
  A white draconian (D)
  3 merfolk javelineers (D)
  6 fire dragons (D)
  An eleionoma (D)
  3 merfolk impalers (D)
  4 yaktaur captains (D)
  4 ice dragons (D)
  2 great orbs of eyes (D)
  A shambling mangrove (D)
  A rakshasa (D)
  2 naga warriors (D)
  4 ogre magi (D)
  25 vault guards (D)
  Erica (D)
  13 hydras (D)
  4 centaur warriors (D)
  A merfolk avatar (D)
  An alligator snapping turtle (D)
  A tengu warrior (D)
  2 alligators (D)
  3 deep troll shamans (D)
  3 merfolk aquamancers (D)
  A two-headed ogre (D)
  A vampire mage (D)
  A deep troll earth mage (D)
  A death yak (D)
  A shock serpent (D)
  A deep elf knight (D)
  6 hell knights (D)
  A deep elf archer (D)
  A flayed ghost (D)
  5 swamp dragons (D)
  A naga ritualist (D)
  17 orc knights (D)
  5 ironbrand convokers (D)
  A mana viper (D)
  7 wolf spiders (D)
  An orb spider (D)
  A cyclops (D)
  2 manticores (D)
  A will-o-the-wisp (D)
  A shining eye (shapeshifter) (D)
  A salamander (D)
  An orc sorcerer (D)
  2 moths of wrath (D)
  2 black mambas (D)
  A naga mage (D)
  8 elephants (D)
  2 vault sentinels (D)
  A guardian serpent (D)
  A torpor snail (D)
  4 cane toads (D)
  3 demonic crawlers (D)
  A komodo dragon (shapeshifter) (D)
  A freezing wraith (D)
  2 yaktaurs (D)
  A tengu conjurer (D)
  A troll (D)
  5 jumping spiders (D)
  4 merfolk (D)
  A tyrant leech (D)
  3 hornets (D)
  A slime creature (D)
  3 snapping turtles (D)
  2 wraiths (D)
  A spriggan (D)
  2 yaks (D)
  A wyvern (D)
  Eustachio (D)
  Grum (D)
  A vampire mosquito (D)
  4 nagas (D)
  An acid dragon (D)
  14 orc warriors (D)
  A black bear (D)
  3 ogres (D)
  A centaur (D)
  5 wolves (D)
  A big kobold (D)
  4 bullfrogs (D)
  A hound (D)
  6 orc wizards (D)
  2 orc priests (D)
  2 worker ants (D)
  A white imp (D)
  An adder skeleton (D)
  An adder zombie (D)
  A leopard gecko (D)
  7 orcs (D)
  A bat skeleton (D)
  A giant cockroach (D)
  A goblin (D)
  A hobgoblin (D)
  2 bats (D)
327 creatures vanquished.

Vanquished Creatures (others)
  Ilsuiw (D)
  A merfolk aquamancer (D)
  An orc (D)
  4 foxfires (D)
7 creatures vanquished.

Grand Total: 334 creatures vanquished

Notes
Turn   | Place    | Note
-------+----------+-------------------------------------------
     0 | D        | mhtbhm the Minotaur Fighter began the quest for the Orb.
     0 | D        | Reached XP level 1. HP: 19/19 MP: 0/0
   117 | D        | Noticed a worker ant
   117 | D        | Noticed an orc wizard
   117 | D        | Noticed an ogre
   121 | D        | Killed a worker ant
   122 | D        | Reached skill level 5 in Fighting
   122 | D        | Reached skill level 5 in Armour
   122 | D        | Reached skill level 5 in Shields
   122 | D        | Reached XP level 2. HP: 23/29 MP: 1/1
   122 | D        | Reached XP level 3. HP: 28/36 MP: 2/2
   126 | D        | Killed an ogre
   127 | D        | Reached skill level 5 in Maces & Flails
   127 | D        | Reached XP level 4. HP: 47/47 MP: 3/3
   127 | D        | Reached XP level 5. HP: 52/52 MP: 4/4
   179 | D        | Found a roughly hewn altar of Beogh.
   179 | D        | Found a snail-covered altar of Cheibriados.
   179 | D        | Found a shadowy altar of Dithmenos.
   179 | D        | Found a white marble altar of Elyvilon.
   179 | D        | Found a blossoming altar of Fedhas.
   179 | D        | Found an opulent altar of Gozag.
   180 | D        | Found a hazy altar of Hepliaklqana.
   181 | D        | Found a viscous altar of Jiyva.
   182 | D        | Found an ancient bone altar of Kikubaaqudgha.
   183 | D        | Found a corrupted altar of Lugonu.
   184 | D        | Found a burning altar of Makhleb.
   185 | D        | Found a sparkling altar of Nemelex Xobeh.
   186 | D        | Found an iron altar of Okawaru.
   187 | D        | Found a stormy altar of Qazlal.
   188 | D        | Found a sacrificial altar of Ru.
   189 | D        | Found a shimmering blue altar of Sif Muna.
   192 | D        | Found a bloodstained altar of Trog.
   193 | D        | Found a hide-covered altar of Uskayaw.
   194 | D        | Found a radiant altar of Vehumet.
   195 | D        | Found an ornate altar of the Wu Jian Council.
   196 | D        | Found a shimmering altar of Xom.
   197 | D        | Found a basalt altar of Yredelemnul.
   198 | D        | Found a glowing silver altar of Zin.
   199 | D        | Found a glowing golden altar of the Shining One.
   227 | D        | Became a worshipper of Gozag Ym Sagoz the Greedy
   300 | D        | Got the +2 dire flail "Maechap" {drain, *Rage rElec rPois
                  | rN+}
   332 | D        | Reached XP level 6. HP: 61/61 MP: 5/5
   373 | D        | Noticed a two-headed ogre
   373 | D        | Noticed a wraith
   373 | D        | Noticed a manticore
   381 | D        | Killed a two-headed ogre
   382 | D        | Reached skill level 10 in Fighting
   382 | D        | Reached skill level 10 in Armour
   382 | D        | Reached skill level 1 in Dodging
   382 | D        | Reached skill level 10 in Shields
   382 | D        | Reached XP level 7. HP: 54/72 MP: 6/6
   389 | D        | Killed a wraith
   390 | D        | Reached XP level 8. HP: 61/79 MP: 7/7
   392 | D        | Killed a manticore
   685 | D        | Noticed a six-headed hydra
   688 | D        | Killed a six-headed hydra
   689 | D        | Reached skill level 15 in Maces & Flails
   689 | D        | Reached XP level 9. HP: 68/89 MP: 8/8
   692 | D        | Noticed a torpor snail
   711 | D        | Killed a torpor snail
   712 | D        | Reached skill level 1 in Stealth
   840 | D        | Noticed a cane toad
   840 | D        | Noticed a cane toad
   840 | D        | Noticed a cane toad
   840 | D        | Noticed a cane toad
   840 | D        | Noticed a death yak
   842 | D        | Killed a cane toad
   843 | D        | Noticed an eight-headed hydra
   845 | D        | Killed a cane toad
   846 | D        | Noticed an elephant
   849 | D        | Killed a cane toad
   850 | D        | Reached XP level 10. HP: 100/100 MP: 9/9
   854 | D        | Killed a cane toad
   861 | D        | Killed a death yak
   864 | D        | Killed an eight-headed hydra
   867 | D        | Killed an elephant
   990 | D        | Noticed an elephant
   990 | D        | Noticed an elephant
   990 | D        | Noticed an elephant
   990 | D        | Noticed an elephant
   990 | D        | Noticed an elephant
   990 | D        | Noticed a dire elephant
   998 | D        | Noticed an elephant
  1003 | D        | Killed an elephant
  1005 | D        | Killed an elephant
  1009 | D        | Noticed an elephant
  1013 | D        | Killed a dire elephant
  1019 | D        | Killed an elephant
  1020 | D        | Reached XP level 11. HP: 111/111 MP: 10/10
  1035 | D        | Reached skill level 15 in Fighting
  1130 | D        | Noticed Grum
  1142 | D        | Killed Grum
  1153 | D        | Reached skill level 15 in Armour
  1354 | D        | Noticed an orc sorcerer
  1354 | D        | Noticed an orc knight
  1354 | D        | Noticed an orc knight
  1362 | D        | Killed an orc sorcerer
  1363 | D        | Noticed an orc knight
  1368 | D        | Killed an orc knight
  1374 | D        | Killed an orc knight
  1382 | D        | Killed an orc knight
  1668 | D        | Found Wipysuogg's Book Emporium.
  1668 | D        | Noticed an orc knight
  1668 | D        | Noticed an orc knight
  1668 | D        | Noticed an orc knight
  1668 | D        | Noticed an orc knight
  1669 | D        | Noticed an orc knight
  1859 | D        | Killed an orc knight
  2063 | D        | Killed an orc knight
  2066 | D        | Killed an orc knight
  2241 | D        | Killed an orc knight
  2245 | D        | Killed an orc knight
  2401 | D        | Found Wizxidu's Distillery.
  2406 | D        | Found Veseup's Armour Emporium.
  2406 | D        | Noticed an orc knight
  2408 | D        | Found Gapeiq's Magic Scroll Shoppe.
  2424 | D        | Killed an orc knight
  2425 | D        | Reached XP level 12. HP: 96/127 MP: 11/11
  2707 | D        | Bought a potion of haste for 130 gold pieces
  2707 | D        | Bought a potion of heal wounds for 65 gold pieces
  2707 | D        | Bought a potion of heal wounds for 65 gold pieces
  2707 | D        | Bought a potion of heal wounds for 65 gold pieces
  2707 | D        | Bought a potion of curing for 39 gold pieces
  2707 | D        | Bought a potion of curing for 39 gold pieces
  2707 | D        | Bought a potion of might for 52 gold pieces
  2709 | D        | Bought the +0 cloak of the Dolphin {rC+ Slay+4} for 353
                  | gold pieces
  2711 | D        | Bought a scroll of blinking for 82 gold pieces
  2711 | D        | Bought a scroll of blinking for 82 gold pieces
  2711 | D        | Bought a scroll of blinking for 82 gold pieces
  2711 | D        | Bought a scroll of enchant weapon for 82 gold pieces
  2711 | D        | Bought a scroll of identify for 22 gold pieces
  2749 | D        | Noticed Erica
  2755 | D        | Killed Erica
  2794 | D        | Noticed Eustachio
  2805 | D        | Killed Eustachio
  2971 | D        | Noticed a centaur warrior
  2971 | D        | Noticed an eight-headed hydra
  2989 | D        | Killed a centaur warrior
  2990 | D        | Noticed a deep troll shaman
  2992 | D        | Killed an eight-headed hydra
  2998 | D        | Noticed a frost giant
  3000 | D        | Noticed a tengu warrior
  3006 | D        | Noticed a fire dragon
  3008 | D        | Killed a deep troll shaman
  3016 | D        | Killed a frost giant
  3026 | D        | Killed a tengu warrior
  3034 | D        | Killed a fire dragon
  3145 | D        | Noticed Donald
  3158 | D        | Killed Donald
  3421 | D        | Noticed an alligator snapping turtle
  3432 | D        | Killed an alligator snapping turtle
  3445 | D        | Reached XP level 13. HP: 83/141 MP: 12/12
  3461 | D        | Reached skill level 5 in Stealth
  3784 | D        | Bought glowing gold dragon scales for 2822 gold pieces
  3898 | D        | Killed a ghost moth
  4011 | D        | Noticed a nagaraja
  4021 | D        | Killed a nagaraja
  4181 | D        | Noticed an eleionoma
  4196 | D        | Killed an eleionoma
  4482 | D        | Noticed Nessos
  4483 | D        | Noticed Rupert
  4492 | D        | Killed Rupert
  4517 | D        | Killed Nessos
  4688 | D        | Noticed a frost giant
  4688 | D        | Noticed a frost giant
  4688 | D        | Noticed a fire dragon
  4688 | D        | Noticed a fire giant
  4688 | D        | Noticed a tengu reaver
  4689 | D        | Noticed a frost giant
  4697 | D        | Killed a frost giant
  4698 | D        | Reached XP level 14. HP: 104/157 MP: 13/13
  4703 | D        | Killed a frost giant
  4725 | D        | Killed a fire giant
  4732 | D        | Killed a tengu reaver
  4733 | D        | Noticed a shadow dragon
  4741 | D        | Killed a frost giant
  5197 | D        | Killed a shadow dragon
  5430 | D        | Noticed a vault warden
  5430 | D        | Noticed an ironheart preserver
  5433 | D        | Killed a vault warden
  5437 | D        | Killed an ironheart preserver
  5438 | D        | Reached skill level 27 in Maces & Flails
  5444 | D        | Reached skill level 5 in Dodging
  5457 | D        | Noticed an ironheart preserver
  5461 | D        | Noticed a fire giant
  5488 | D        | Killed an ironheart preserver
  5495 | D        | Killed a fire giant
  5861 | D        | Noticed Agnes
  5873 | D        | Killed Agnes
  5874 | D        | Reached XP level 15. HP: 128/173 MP: 14/14
  6160 | D        | Noticed Mara
  6170 | D        | Noticed mhtbhm's illusion
  6178 | D        | Killed Mara
  6179 | D        | Reached skill level 27 in Fighting
  6297 | D        | Got a decaying rune of Zot
  6735 | D        | Noticed a nagaraja
  6735 | D        | Noticed a nagaraja
  6735 | D        | Noticed a nagaraja
  6735 | D        | Noticed a nagaraja
  6736 | D        | Noticed a nagaraja
  6741 | D        | Killed a nagaraja
  6742 | D        | Noticed a nagaraja
  6746 | D        | Killed a nagaraja
  6747 | D        | Reached skill level 15 in Dodging
  6749 | D        | Killed a nagaraja
  6752 | D        | Killed a nagaraja
  6762 | D        | Killed a nagaraja
  6762 | D        | Noticed a nagaraja
  6774 | D        | Killed a nagaraja
  6780 | D        | Killed a nagaraja
  6808 | D        | Got a serpentine rune of Zot
  7148 | D        | Bought the amulet "Ilus" {Acrobat Dex+2} for 535 gold
                  | pieces
  7148 | D        | Bought the ring "Kias" {rF+ rCorr Dex+2} for 496 gold
                  | pieces
  7158 | D        | Noticed Ilsuiw
  7202 | D        | Killed Ilsuiw
  7225 | D        | Reached skill level 27 in Armour
  7242 | D        | Reached skill level 1 in Evocations
  7251 | D        | Got a barnacled rune of Zot
  7504 | D        | Reached skill level 1 in Throwing
  7514 | D        | Reached XP level 16. HP: 183/183 MP: 1/15
  7529 | D        | Reached skill level 5 in Throwing
  7570 | D        | Got a gossamer rune of Zot
  7755 | D        | Noticed Frederick
  7763 | D        | Killed Frederick
  7764 | D        | Reached skill level 10 in Throwing
  8015 | D        | Reached skill level 15 in Throwing
  8254 | D        | Noticed a shadow dragon
  8258 | D        | Noticed a tengu reaver
  8268 | D        | Killed a shadow dragon
  8273 | D        | Killed a tengu reaver
  8288 | D        | Noticed a shadow dragon
  8302 | D        | Killed a shadow dragon
  8393 | D        | Noticed a tengu reaver
  8393 | D        | Noticed a shadow dragon
  8393 | D        | Noticed a golden dragon
  8393 | D        | Noticed a titan
  8393 | D        | Noticed a tentacled monstrosity
  8393 | D        | Noticed a shadow dragon
  8397 | D        | Noticed a tentacled monstrosity
  8405 | D        | Killed a tengu reaver
  8406 | D        | Noticed a shadow dragon
  8421 | D        | Killed a shadow dragon
  8423 | D        | Killed a golden dragon
  8424 | D        | Reached XP level 17. HP: 191/191 MP: 16/16
  8428 | D        | Killed a titan
  8432 | D        | Killed a tentacled monstrosity
  8433 | D        | Killed a tentacled monstrosity
  8441 | D        | Got a silver rune of Zot
  8779 | D        | Noticed Jory
  8803 | D        | Killed Jory
  8869 | D        | Noticed Xtahua
  8871 | D        | Noticed Margery
  8877 | D        | Paralysed by Xtahua for 6 turns
  8885 | D        | Killed Xtahua
  8886 | D        | Reached skill level 27 in Dodging
  8895 | D        | Killed Margery
  9124 | D        | Got the ring "Pafus" {rPois Int+5}
  9126 | D        | Got the ring "Erutuzxir" {Int-3 Dex+5 Slay+3}
  9128 | D        | Got the ring of Gexkudic {Ice rN+ Stlth+}
  9130 | D        | Got the ring "Wuhotros" {Will+ Str+3 Dex+3}
  9285 | D        | Noticed Boris
  9295 | D        | Killed Boris
  9304 | D        | Noticed Mennas
  9327 | D        | Killed Mennas
  9470 | D        | Reached skill level 5 in Evocations
  9744 | D        | Reached skill level 27 in Throwing
  9878 | D        | Noticed a quicksilver dragon
  9878 | D        | Noticed a tentacled monstrosity
  9887 | D        | Killed a tentacled monstrosity
  9888 | D        | Reached XP level 18. HP: 200/200 MP: 17/17
  9892 | D        | Reached skill level 10 in Evocations
  9922 | D        | Mangled by a red draconian monk

Illustrated notes

Levels and vault maps discovered:
D:        linesprint [early_d, line_temple, items_1, d_10, items_2, lair_1,
          lair_end, items_3, orc_1, orc_end, items_4, d_15, swamp_1, shoals_1,
          snake_1, spider_1, d_20, vaults_1, items_5, swamp_end, shoals_end,
          snake_end, spider_end, vaults_end, d_27, items_6, zot_1, zot_end,
          crypt_end, forest_end, elf_end, slime_end, tomb_end, abyss_end,
          pan_hell_end]

Skill      XL: |  1  2  3  4  5  6  7  8  9 10 11 12 13 14 15 16 17 18 |
---------------+-------------------------------------------------------+-----
Fighting       | 5 7 8 10 11 12 14 17 20 23 26 27 | 27.0
Armour         | 5 7 8 10 11 12 14 16 18 20 22 27 | 27.0
Shields        | 5 7 8 10 11 | 11.3
Maces & Flails | 3 5 7 11 12 15 17 19 21 23 25 27 | 27.0
Dodging        | 1 2 3 4 9 19 25 27 | 27.0
Stealth        | 1 2 4 6 8 |  8.1
Evocations     | 1 3 8 12 | 12.5
Throwing       | 4 18 27 | 27.0

Action                   |  1- 3 |  4- 6 |  7- 9 | 10-12 | 13-15 | 16-18 || total
-------------------------+-------+-------+-------+-------+-------+-------++-------
Melee: Flail             |    15 |     5 |       |       |       |       ||    20
       Headbutt          |     5 |     4 |     9 |    75 |   132 |   125 ||   350
       Dire flail        |       |    28 |    47 |   296 |   467 |   410 ||  1248
Throw: Javelin           |       |       |       |       |       |    21 ||    21
Invok: Potion Petition   |       |       |       |     1 |       |       ||     1
       Call Merchant     |       |       |       |       |     2 |     2 ||     4
Evoke: Wand              |       |       |       |       |     1 |       ||     1
  Use: Potion            |     1 |       |       |     5 |     6 |       ||    12
       Scroll            |       |       |       |       |     4 |    15 ||    19
 Stab: Distracted        |       |       |     1 |     2 |    11 |     6 ||    20
Armor: Scale mail        |     3 |     1 |       |       |       |       ||     4
       Plate armour      |       |    14 |    13 |    74 |     5 |       ||   106
       Gold dragon scale |       |       |       |       |   249 |   189 ||   438
Dodge: Dodged            |     5 |     7 |    14 |    53 |   174 |   212 ||   465
Block: Kite shield       |     5 |     4 |       |       |       |       ||     9

Table legend: (Time is in decaauts)
 A = Elapsed time spent in this place.
 B = Non-inter-level travel time spent in this place.
 C = Inter-level travel time spent in this place.
 D = Time resting spent in this place.
 E = Time spent auto-exploring this place.
 F = Levels seen in this place.
 G = Mean time per level.
                   A        B        C        D        E       F      G
               +--------+--------+--------+--------+--------+-----+--------+
         Total |   9694 |   9694 |      0 |   4755 |   1465 |   1 | 9694.0 |
       Dungeon |   9694 |   9694 |      0 |   4755 |   1465 |   1 | 9694.0 |
               +--------+--------+--------+--------+--------+-----+--------+

Top non-repeatable levels by time:
       D: 9694 daAuts
